 Dungeon Crawl Stone Soup version 0.25.0-26-g0c896c7088 (webtiles) character file.

Game seed: 13749396226007153872

16 Descartes the Scratcher (level 2, -4/12 HPs)
             Began as a Felid Transmuter on July 1, 2020.
             Slain by a worm (8 damage)
             ... on level 2 of the Dungeon.
             The game lasted 00:01:01 (1096 turns).

Descartes the Scratcher (Felid Transmuter)          Turns: 1096, Time: 00:01:02

Health: -4/12      AC:  1    Str:  6    XL:     2   Next: 41%
Magic:  5/6        EV: 18    Int: 14    God:
Gold:   73         SH:  0    Dex: 16    Spells: 4/5 levels left
                                        Lives:  0   Deaths: 0

rFire    . . .     SeeInvis +     - Unarmed
rCold    . . .     Gourm    .   (shield unavailable)
rNeg     . . .     Faith    .   (armour unavailable)
rPois    .         Spirit   .   (helmet unavailable)
rElec    .         Reflect  .   (cloak unavailable)
rCorr    .         Harm     .   (gloves unavailable)
MR       .....                  (boots unavailable)
Stlth    +++.......             (no amulet)
HPRegen  0.04/turn              (no ring)
MPRegen  0.10/turn              (no ring)

@: appendage, quick
A: very small, no armour, no weapons or thrown items, stealth, claws 1, fangs 3,
horns 2, see invisible, carnivore, speed 1, shaggy fur 1, slow metabolism 1,
sharp paws
a: End Transformation


You were on level 2 of the Dungeon.
You were very full.
You had grown temporary horns.
You visited 1 branch of the dungeon, and saw 2 of its levels.

You collected 73 gold pieces.

Inventory:

Missiles
 a - 12 arrows
 g - 13 stones
Scrolls
 b - a scroll of amnesia {unknown}
 d - a scroll of fog {unknown}
 e - a scroll of fear {unknown}
 f - a scroll of teleportation {unknown}
 h - a scroll of blinking {unknown}
 i - a scroll of remove curse {unknown}
 k - a scroll of magic mapping {unknown}
 m - a scroll of identify {unknown}
Potions
 j - a potion of invisibility {unknown}
 l - a potion of might {unknown}
Comestibles
 c - 8 rations


   Skills:
 - Level 1.0 Fighting
 - Level 2.6 Dodging
 + Level 2.1 Stealth
 + Level 3.4 Unarmed Combat
 - Level 2.0 Spellcasting
 - Level 2.1 Transmutations


You had 4 spell levels left.
You knew the following spells:

 Your Spells              Type           Power        Failure   Level  Hunger
a - Beastly Appendage     Tmut           #.....       10%         1    ##.....

Your spell library contained the following spells:

 Spells                   Type           Power        Failure   Level  Hunger
 Sticks to Snakes         Tmut           #.......     14%         2    ###....
 Spider Form              Tmut/Pois      #.........   41%         3    ####...
 Ice Form                 Ice/Tmut       #.......     83%         4    #####..
 Blade Hands              Tmut           #.........   95%         5    ######.


Dungeon Overview and Level Annotations

Branches:
Dungeon (2/15)

Altars:


Innate Abilities, Weirdness & Mutations

You cannot wear armour.
You are incapable of wielding weapons or throwing items.
Your paws allow you to move quietly. (Stealth)
You have sharp claws.
You have razor-sharp teeth.
You have supernaturally acute eyesight. (SInv)
You are carnivorous and can eat meat at any time.
You cover ground quickly.
You are covered in fur. (AC +1)
You have a slow metabolism.
Your sharp claws are effective at attacking unaware monsters.
You have a pair of horns on your head.


Message History

You barely miss the worm.
The worm is moderately wounded.
The worm misses you.
You scratch the worm. You bite the worm, but do no damage.
The worm is heavily wounded.
The worm bites you!
Ouch! That really hurt!
You scratch the worm. Your bite misses the worm.
The worm is severely wounded.
You scratch the worm.
The worm is severely wounded.
The worm closely misses you.
Casting: Beastly Appendage (safe; 10% risk of failure)
Confirm with . or Enter, or press ? or * to list all spells.
You grow a pair of large bovine horns.
You scratch the worm but do no damage.
The worm is severely wounded.
The worm bites you!
Ouch! That really hurt!
You die...

######### #......[#
#.......# #####.......
.........w##################
....!....ww@..............>.
........######...###########
........# #...# .....(.!#
#...# ......... ##'##
##........ #.# #.....w..#
#.# #........# #.#
#......... #+#


You could see 2 worms and a dart slug.

Vanquished Creatures
  4 bats (D:1)
  A giant cockroach (D:1)
  6 hobgoblins
  2 goblins (D:1)
  A rat (D:2)
14 creatures vanquished.

Notes
Turn   | Place    | Note
-------+----------+-------------------------------------------
     0 | D:1      | Descartes the Felid Transmuter began the quest for the Orb.
     0 | D:1      | Reached XP level 1. HP: 9/9 MP: 4/4
    75 | D:1      | Reached skill level 1 in Stealth
   354 | D:1      | Reached XP level 2. HP: 12/12 MP: 6/6
  1096 | D:2      | Slain by a worm

Illustrated notes

Levels and vault maps discovered:
D:1:      minmay_arrival_semitransparent, layout_basic
D:2:      layout_basic, old_standard_altar

Skill      XL: |  1  2 |
---------------+-------+-----
Stealth        | 1 2 |  2.1
Fighting       | |  1.0
Dodging        | |  2.6
Unarmed Combat | |  3.4
Spellcasting   | |  2.0
Transmutations | |  2.1

Action                   || total
-------------------------++-------
Melee: Unarmed           ||    48
       Bite              ||     4
 Cast: Beastly Appendage ||     1
 Stab: Sleeping          ||     1
  Eat: Chunk             ||     7
Armor: Skin              ||     7
Dodge: Dodged            ||    45
